Unix xNetHack Version 8.0.0 - last build Mar 23 2024 02:42:02 (1964348d4f5f1cf1067ea9968e02252fcc83c468). Game began 2024-04-02 07:31:19, ended 2024-04-04 16:42:25. Catomat, chaotic female human Wizard ..*....... <...00...0......0..0.............}}}}}}}}}}}....}}}}}}............ *... .0*0.....0----------------------.}}}}}}}}}}}}}}}}}}}}}}}.............. ........... . .0......}}}}}}........}}}}}}}}}}}}}}}}}}}}}}}................. .....0.*.0... 00...[.}}}}}}}}}}}}}}}}}}}}}}}}}}.}}}...}}}....(............... 00. . .....!)0......}}}}}}}}}}}}}}}}}}}}}}}}.........}}}}..)...%............ .**..0...... 0.....}}}}}}}}}}}.}}}}}}...................}}4}}..............}} *........ ..0[...}}}}}}}}}}..}}}}}}.......................}}}}}}}}.....}}}}}} ..0 .. .. .0.....}}}}}}}.}}..}}}}}}}.......................}}}}}}}}}}}}}}}}}} .0....*...0......}}}}}.}}}}}}}}}}}}}}................DUD....}}}}}........}}}} *.)*..| -...}}}}}}}}}}..}}}}}}}}}}}}}}}}..........%.f@U.....}}}}}.......}}}} -------}}}}}}}}}}}}}}}}}}}}}}}}}}}.}}}}}.............ONR.....}}}}}}}...}}}}}} }}}}}}}}}}}}}}}}}}}}}}}}}}}...}}}}}}}}.}.............x..}}}}}}}}}}}}}}}}}}}}} }}}}}}}}}..}}}}}}}}}}.........}}}}}}.}}}}...........}}}}}}}}}}}}}}}}}}}}}}}}} ...------...}}}}}}}.-d-}}}}}-d-}.}.}}}}}}}}}}}}...}}}}}}}}}}}}}}}}}}}}}}}}}}} ..!.......}}}}}}}}..-----#-----}}}}}}}}}}}}}}}}}}}}}}}}}}}}}}}}}}}}}}...}}}}} .}}}}}}}}}}}}}}}}}}}}|..)....|..}}}}}}}}}}}}}}}}}}}}}}}..}}}......'.......... }}}}}}}}}}}}}}}}}}}}}|#######|....}}}}..f-----...-----...-----...-----...---- -------..}}}}}}}}}...|.......-------------...-----...-----...-----.?.-----... ......----------------..........................p.42..32.3.!)................ ............................/.....*...........).......................(...>.. Catomat the Sorceress St:12 Dx:16 Co:16 In:13 Wi:18 Ch:9 Chaotic S:641346 Dlvl:30 $:938 HP:0(184) Pw:135(252) AC:-15 Xp:20/108901 T:51958 Latest messages: You bump into an ogre king. The green dragon claws you! The mind flayer swings her thonged club. The mind flayer bashes you! The mind flayer's tentacles suck your brain! Your helm blocks the attack to your head. The mind flayer's tentacles suck your brain again! Your helm blocks the attack to your head. The mind flayer's tentacles suck your brain again! Your brain is eaten! You feel stupider! The displacer beast claws you! The displacer beast claws you! The displacer beast misses! The guardian naga bites! The guardian naga touches you! The guardian naga brushes against you. The ogre king swings his club. The ogre king smacks you! The yellow dragon bites! The yellow dragon claws you! The yellow dragon claws you! The yellow dragon knocks you back with a powerful blow! You bump into a disenchanter. The disenchanter claws you! The green dragon bites! The green dragon claws you! The green dragon claws you! The mind flayer swings her thonged club. The mind flayer bashes you! The mind flayer misses! The mind flayer's tentacles suck your brain! Your helm blocks the attack to your head. The mind flayer misses! The displacer beast claws you! The displacer beast hits! Your pair of speed boots blocks the displacer beast's attack. The guardian naga bites! The guardian naga touches you! The guardian naga brushes against you. The ogre king swings his club. The ogre king whacks you! The yellow dragon bites! You die... Do you want your possessions identified? [ynq] (y) Do you want to see your attributes? [ynq] (y) Do you want an account of creatures vanquished? [ynaq] (y) Do you want a list of extinct species? [ynaq] (y) Do you want to see your conduct and achievements? [ynq] (y) Do you want to see the dungeon overview? [ynq] (y) Inventory: Inventory: 517/750 weight (37/52 slots) Coins $ - 938 gold pieces {9} Amulets r - the blessed Eye of the Aethiopica {20} Weapons d - the +3 Magicbane (weapon in hand) {10} Armor H - an uncursed +0 glass helmet (being worn) {17} G - a blessed very burnt +0 pair of gauntlets of dexterity (being worn) {8} B - an uncursed fireproof +3 pair of speed boots (being worn) {15} W - an uncursed +0 mummy wrapping {3} D - an uncursed +0 set of silver dragon scales (being worn) {30} S - a blessed +4 T-shirt with text "Young Men's Cavedigging Association" (being worn) {4} M - an uncursed +0 wooden splint mail (being worn) {113} Comestibles y - 4 uncursed C-rations {40} i - an uncursed lizard corpse {10} Rings x - an uncursed ring of conflict {3} P - an uncursed ring of free action {3} F - an uncursed ring of levitation {3} e - an uncursed ring of poison resistance {3} A - an uncursed +1 ring of protection {3} Z - an uncursed +1 ring of protection {3} I - an uncursed ring of protection from shape changers (on left hand) {3} J - an uncursed ring of regeneration {3} t - an uncursed ring of shock resistance {3} z - an uncursed ring of sustain ability {3} N - an uncursed ring of sustain ability {3} n - an uncursed ring of warning {3} Wands X - a wand of digging (0:0) {7} K - a wand of magic missile (0:6) {7} E - a wand of teleportation (0:0) {7} Tools b - a blessed bag of holding containing 9 items {51} w - an uncursed mithril magic whistle {2} c - an uncursed oil lamp (lit) {20} C - a +0 mithril pick-axe {62} k - an uncursed wooden skeleton key {1} s - an uncursed mithril stethoscope {2} T - an uncursed towel {2} u - a blessed +0 unicorn horn {20} Gems/Stones f - an uncursed topaz stone {1} R - a blessed luckstone {10} q - a blessed touchstone {10} Contents of the bag of holding: a cursed scroll of confuse monster an uncursed scroll of identify an uncursed spellbook of healing an uncursed spellbook of light an uncursed potion of confusion a blessed potion of oil an uncursed potion of see invisible an uncursed ring of slow digestion an uncursed credit card Catomat the Wizard's attributes: Background: You were a Sorceress, a level 20 female human Wizard. You were chaotic, belatedly on a mission for Anhur who was opposed by Ptah (lawful) and Thoth (neutral). You started out neutral. You were heterosexual. You were in Gehennom, on level 30. You entered the dungeon 51958 turns ago. You had 108901 experience points, 33099 more were needed for level 21. Your score was 641346 before end-of-game adjustments. Basics: You had 0 out of 184 hit points. You had 135 out of 252 energy points (spell power). Your armor class was -15. Your wallet contained 938 zorkmids. Autopickup was on for '$"?!=/' plus thrown. Final Characteristics: Your strength was 12 (peak:18/08, limit:18/100). Your dexterity was 16 (limit:18). Your constitution was 16 (limit:18). Your intelligence was 13 (peak:18, limit:18). Your wisdom was 18 (limit:18). Your charisma was 9 (limit:18). Final Status: You were not hungry. You were unencumbered. You were wielding a dagger. You had expert skill with dagger. Final Attributes: You were the Envoy of Balance. You were piously aligned. You were magic-protected. You were fire resistant. You were cold resistant. You were sleep resistant. You were disintegration resistant. You were shock resistant. You were poison resistant. You were warned. You could teleport. You had teleport control. You had a moderate defense bonus (+8). You were warded. You took half spell damage. You were protected from shape changers. You were very fast. You had reflection. You were extremely unlucky. You had reduced luck. Bad luck did not time out for you. Anhur was very angry with you. You are dead (2nd time!). Miscellaneous: You never encountered a bones level. Total elapsed playing time was 1 day, 13 hours, 7 minutes and 59 seconds. Major events: Turn 1: Catomat the neutral female human Wizard entered the dungeon 630: attained the rank of Conjurer (level 3) 1163: entered the Gnomish Mines 2834: entered Sokoban 3110: completed 1st Sokoban level 3651: completed 2nd Sokoban level 3819: attained the rank of Thaumaturge (level 6) 13108: completed 3rd Sokoban level 16207: attained the rank of Magician (level 10) 16881: completed 4th Sokoban level 17109: acquired the Sokoban bag of holding 17385: just blew up her bag of holding 20461: read a Discworld novel 21299: made her first wish - "Blessed fireproof +3 Speed Boots", got "a pair of snow boots" 22777: acquired the Mines' End luckstone 27328: was bestowed with Magicbane by Thoth 32096: attained the rank of Enchantress (level 14) 35086: became Thoth's Envoy of Balance 35086: was bestowed with spellbook of finger of death 37269: killed Croesus 40182: attained the rank of Sorceress (level 18) 43426: found Sunsword carried by a monster 43528: killed Medusa 44483: entered Gehennom 45475: wished for "Blessed amulet of life saving", got "a triangular amulet" 47282: killed the invisible Anaraxis the Black 47282: found the Eye of the Aethiopica carried by a monster 47283: acquired the Bell of Opening 47508: killed the invisible Neferet the Green 51954: averted death (killed by a yellow dragon) 51958: killed by a yellow dragon, while moving through the air Vanquished creatures: Medusa Croesus Neferet the Green 2 iron golems 2 purple worms 2 gray dragons 2 gold dragons 5 silver dragons 4 red dragons 2 white dragons 3 orange dragons 3 black dragons 2 blue dragons 3 yellow dragons a minotaur Anaraxis the Black 4 baluchitheria a demilich 2 stone golems 2 Olog-hai 2 displacer beasts 3 titanotheres a baby white dragon a disenchanter 12 vampire leaders 29 skeletons a captain 4 liches 2 water trolls a clay golem an ice devil 2 lurkers above an Aleax an ettin 2 golden nagas a black pudding 5 vampires 11 lieutenants 3 queen bees 6 winged gargoyles 4 giant mimics 2 orc-captains a long worm 5 zruties 2 fire giants 7 ogre tyrants 2 elven monarchs an ice troll 2 rock trolls 5 umber hulks a flesh golem a doppelganger 4 hezrous 4 bone devils 8 large mimics 4 couatls 11 stalkers an air elemental 2 fire elementals 7 hill giants a giant mummy a black naga 3 elf-nobles 11 xorns 16 giant zombies 14 sergeants a barbed devil 5 vrocks 8 wargs 2 winter wolves 14 small mimics 4 glass piercers 3 warhorses 5 xans 2 ettin mummies 4 ogre leaders 26 trolls 2 quantum mechanics 4 sasquatches a wood golem a marilith 4 sharks 3 gelatinous cubes a pyrolisk 2 large dogs a freezing sphere 3 flaming spheres 2 shocking spheres 2 large cats 3 tigers 3 dwarf rulers 8 tengu 2 ochre jellies 4 leocrottas an energy vortex 3 mountain centaurs 9 stone giants 5 elf mummies a human mummy a red naga 9 Grey-elves 6 pythons 4 pit vipers 4 cobras 21 wraiths a carnivorous ape 14 ettin zombies a leather golem 119 soldiers an amorous demon a horned devil 6 chameleons a crocodile 6 giant beetles 3 quivering blobs 4 cockatrices 10 wolves 5 winter wolf cubs 4 lynxes a panther 3 gremlins 2 spotted jellies 4 leprechauns 5 mountain nymphs 4 iron piercers 9 giant spiders 6 scorpions 3 horses 3 ice vortices a black light 42 vampire bats a forest centaur 5 gnome rulers 2 orc mummies a dwarf mummy 2 ogres 2 brown puddings 13 Green-elves 14 rust monsters 8 owlbears 5 yetis 3 gold golems 14 giant eels 9 lizards 8 apprentices 3 chickatrices 2 dingoes a dog 3 housecats 3 jaguars 3 dwarf leaders 3 blue jellies 3 water nymphs 5 white unicorns 3 black unicorns 9 ravens 4 plains centaurs 8 gnome mummies 6 Woodland-elves 6 snakes 22 ghosts an ape 16 human zombies 34 soldier ants 11 fire ants 8 imps a lemure 7 quasits 3 wood nymphs 20 bugbears 16 Mordor orcs 21 Uruk-hai 8 rock piercers 2 rock moles 3 ponies 6 fog clouds 5 yellow lights 2 shriekers 2 violet fungi 20 gnome leaders 10 gnomish wizards 2 kobold mummies 4 gray oozes 4 barrow wights 11 elf zombies 7 ghouls 5 paper golems 3 jellyfish 22 giant ants a little dog 12 floating eyes 4 kittens 27 dwarves 16 homunculi 4 kobold leaders 3 kobold shamans 23 hill orcs 18 rothes 2 rabid rats 7 centipedes 15 giant bats 2 monkeys 21 orc zombies 9 dwarf zombies a wererat 18 iguanas 24 killer bees 2 acid blobs 7 coyotes 2 gas spores 8 hobbits 3 manes a large kobold 24 hobgoblins 4 giant rats 9 cave spiders a brown mold a yellow mold a green mold 70 gnomes a garter snake 12 gnome zombies 15 geckos 8 jackals a fox 5 kobolds 12 goblins 12 grid bugs 12 bats 16 lichens 14 kobold zombies 12 newts 1581 creatures vanquished. Extinct species: soldiers (extinct) 1 species extinct. Voluntary challenges: You read items or engraved 128 times. You never genocided any monsters. You polymorphed 134 items. You never changed form. You used 2 wishes. You did not wish for any artifacts. You were celibate. You did not violate any of the special Sokoban rules. Achievements: You attained the rank of Conjurer. You entered a shop. You entered the Gnomish Mines. You entered Sokoban. You attained the rank of Thaumaturge. You entered a temple. You attained the rank of Magician. You completed Sokoban. You read from a Discworld novel. You completed the Gnomish Mines. You attained the rank of Enchantress. You attained the rank of Sorceress. You defeated Medusa. You entered Gehennom. You handled the Bell of Opening. Dungeon overview: The Dungeons of Doom: levels 1 to 28 Level 1: A tree. Level 2: A general store. Level 3: A fountain, a tree. Level 4: A scroll shop, a fountain. Stairs down to The Gnomish Mines. Level 5: "expl, stash (spellbooks+)" An altar to Anhur, a fountain. Level 6: Many fountains. Oracle of Delphi. Level 7: A fountain. Stairs up to Sokoban, level 6. Level 8: A fountain. Level 9: Level 10: Level 11: Level 12: A fountain. Level 13: A fountain. Portal to The Quest. Level 14: Level 15: A fountain. Level 16: Level 17: A fountain, a tree. Level 18: "stash" Level 19: Level 20: "small sb stash: detmon, mm, heal" A fountain, a sink. Level 21: A fountain. Level 22: "stash by altar (wl+dig books)" An altar to Anhur, a tree. Level 23: A fountain. Portal to Fort Ludios. Level 24: "main stash" An altar to Anhur. Level 25: A fountain. Level 26: Level 27: A throne. Level 28: A throne, a fountain. The castle. Connection to Gehennom. Gehennom: levels 29 to 30 Level 29: A temple, many graves. Valley of the Dead. Level 30: <- You were here. Final resting place for you, killed by a yellow dragon, while moving through the air. The Gnomish Mines: levels 5 to 12 Level 5: Level 6: Level 7: Many shops, a temple, some fountains. Level 8: Level 9: Level 10: Level 11: Level 12: A fountain. The Quest: levels 1 to 5 Level 1: A throne. Completed quest for Neferet the Green. Level 2: Level 3: Level 4: Level 5: A temple. Sokoban: levels 6 up to 3 Level 3: Solved. Level 4: Solved. Level 5: Solved. Level 6: Solved. Fort Ludios: Level 1: A throne. Game over: __________ / \ / REST \ / IN \ / PEACE \ / \ | Catomat | | 938 Au | | killed by a | | yellow dragon | | | | | | 2024 | *| * * * | * _________)/\\_//(\/(/\)/\//\/|_)_______ Goodbye Catomat the Wizard... You died in Gehennom on dungeon level 30 with 641253 points, and 938 pieces of gold, after 51958 moves. You were level 20 with a maximum of 184 hit points when you died.